 Dungeon Crawl Stone Soup version 0.32-a0-913-g739538afd8 (webtiles) character file.

Game seed: 4136474847981638544

1766 HilariousDeathArtist the Charlatan (level 9, -2/70 (72) HPs)
             Began as a Coglin Necromancer on Apr 8, 2024.
             Was a Follower of Kikubaaqudgha.
             Slain by a wight
             ... wielding a +0 flail
              (4 damage)
             ... on level 6 of the Dungeon.
             The game lasted 00:06:16 (7295 turns).

HilariousDeathArtist the Charlatan (CoNe)           Turns: 7295, Time: 00:06:16

HP:   -2/70 (72)    AC:  3    Str:  9    XL:     9   Next: 7%
MP:   3/11          EV: 10    Int: 19    God:    Kikubaaqudgha [*.....]
Gold: 245           SH:  0    Dex: 14    Spells: 7/11 levels left

rFire   . . .        e - +2 dagger (venom) {Niklaus}
rCold   . . .        A - +4 trident (drain) {Fusazane}
rNeg    . . .        g - +0 leather armour
rPois   .            (no helmet)
rElec   .            b - scarf {repulsion}
rCorr   .            (no gloves)
SInv    .            (no boots)
Will    .....        (amulet unavailable)
Stlth   ++           (ring unavailable)
HPRegen 0.31/turn    (ring unavailable)
MPRegen 0.12/turn    (no gizmo)

%: repel missiles
@: lightly drained, revving
A: off-hand wielding, slow wielding, warmup strikes, no jewellery
a: Invent Gizmo, Renounce Religion, Unearth Wretches


You were on level 6 of the Dungeon.
You worshipped Kikubaaqudgha.
Kikubaaqudgha was aware of your devotion.
You visited 2 branches of the dungeon, and saw 8 of its levels.

You collected 245 gold pieces.

Inventory:

Hand Weapons
 c - a +0 dagger {Egon}
   (You took it off a kobold on level 1 of the Dungeon)
 d - a +0 rapier {Myungok}
   (You found it on level 1 of the Dungeon)
 e - a +2 dagger of venom (weapon) {Niklaus}
   (You took it off a kobold on level 3 of the Dungeon)
 k - a +0 hand axe {Ingrid}
   (You found it on level 1 of the Dungeon)
 t - a +0 whip of electrocution {Zoran}
   (You took it off a kobold on level 3 of the Dungeon)
 x - a +0 hand axe of venom
   (You found it on level 5 of the Dungeon)
 A - a +4 trident of draining (offhand) {Fusazane}
   (You took it off Jeremiah on level 6 of the Dungeon)
Missiles
 p - 17 poisoned darts
 r - 2 boomerangs
 s - 81 stones
 w - 3 atropa-tipped darts
Armour
 a - a +0 robe
 b - a scarf of repulsion (worn)
   (You found it on level 1 of the Dungeon)
 f - a +0 plate armour
   (You found it on level 1 of the Dungeon)
 g - a +0 leather armour (worn)
   (You found it on level 1 of the Dungeon)
 y - an orb of guile
   (You took it off Jeremiah on level 6 of the Dungeon)
Talismans
 l - a serpent talisman
   (You found it on level 1 of the Dungeon)
Wands
 h - a wand of acid (14)
   (You found it on level 2 of the Dungeon)
 q - a wand of flame (8)
   (You found it on level 7 of the Dungeon)
 z - a wand of warping (12)
   (You found it on level 6 of the Dungeon)
Scrolls
 i - 2 scrolls of noise {!r}
 j - 2 scrolls of enchant weapon
 o - 2 scrolls of revelation
 B - a scroll of fog
 C - a scroll of identify {@r1}
Potions
 m - a potion of haste {unknown}
 n - 3 potions of enlightenment
 u - 2 potions of ambrosia {unknown}
 v - a potion of resistance {unknown}
 J - 3 potions of curing {@q1}
 M - a potion of magic
 N - 2 potions of heal wounds {@q2}


   Skills:
 + Level 7.2 Fighting
 - Level 1.7 Dodging
 - Level 1.5 Stealth
 - Level 1.7 Spellcasting
 + Level 7.3 Necromancy
 + Level 7.8 Evocations


You had 7 spell levels left.
You knew the following spells:

 Your Spells              Type           Power      Damage    Failure   Level
a - Necrotise             Necr           100%       1d9       1%          1
x - Vampiric Draining     Necr           29%        2d8       3%          3

Your spell library contained the following spells:

 Spells                   Type           Power      Damage    Failure   Level
 Sublimation of Blood     Necr           29%        N/A       1%          2
 Fugue of the Fallen      Necr           29%        N/A       3%          3
 Animate Dead             Necr           29%        N/A       12%         4
 Curse of Agony           Necr           29%        N/A       32%         5


Dungeon Overview and Level Annotations

Branches:
Dungeon (7/15)             Temple (1/1) D:5

Altars:
Ashenzari
Cheibriados
Dithmenos
Elyvilon
Gozag
Hepliaklqana
Kikubaaqudgha
Makhleb
Okawaru
Qazlal
Ru
Trog
Vehumet
Wu Jian
Xom
Yredelemnul
Zin
The Shining One

Shops:
D:1 :   D:6 :

Annotations:
Temple 2 transporters


Innate Abilities, Weirdness & Mutations

You can wield a second weapon in your off-hand.
It takes a long time for you to wield or remove held weapons.
Your first few attacks do less damage.
You cannot equip rings or amulets.


Message History

The wight hits you from afar with a +5 halberd!
You take 8 damage, and have 42/65 hp.
There is a stone staircase leading up here.
Press: ? - help, Shift-Dir - straight line, f/p - wight
Aim: a wight, wielding a +5 halberd and wearing a +0 robe (moderately damaged, 76% to hit)
The puff of flame hits the wight!
The orc warrior cheers noisily, in orcish tradition.
The wight hits you from afar with a +5 halberd!!
You take 20 damage, and have 23/65 hp.
MASSIVE DAMAGE!!
Press: ? - help, Shift-Dir - straight line, f/p - wight
Aim: a wight, wielding a +5 halberd and wearing a +0 robe (almost destroyed, 76% to hit)
The puff of flame hits the wight!
You destroy the wight!
Kikubaaqudgha accepts your kill.
Your life force feels restored.
You have reached level 9!
Your experience leads to an increase in your attributes!
Increase (s)trength, (i)ntelligence, or (d)exterity?
You feel clever. x2
You regained 2 hp, and now have 25/72 hp.
You climb upwards.
There is a stone staircase leading down here.
Done exploring.
Health restored: 72; MP restored: 11 You climb downwards.
The orc warrior hits you with a +0 short sword!
There is a stone staircase leading up, spattered with blood here.
You take 8 damage, and have 64/72 hp.
You hit the orc warrior with your +2 dagger of venom.
You closely miss the orc warrior with your +4 trident of draining.
The orc warrior hits you with a +0 short sword.
The orc warrior barely misses you.
You take 5 damage, and have 59/72 hp.
The wight closely misses you.
The orc warrior hits you with a +0 short sword.
You climb upwards.
There is a stone staircase leading down here.
You take 4 damage, and have 55/72 hp.
You hit the orc warrior but do no damage.
The orc warrior is poisoned.
You hit the orc warrior but do no damage.
The wight hits you with a +0 flail!
The orc warrior hits you with a +0 short sword!
The wight hits you with a +0 flail.
You take 19 damage, and have 36/72 hp.
MASSIVE DAMAGE!!
Press: ? - help, Shift-Dir - straight line, f - orc warrior
Aim: an orc warrior, wielding a +0 short sword and wearing a +0 plate armour (lightly wounded, very poisoned)
You draw life force from the orc warrior.
You feel life coursing into your body.
The orc warrior hits you with a +0 short sword!
The wight barely misses you.
You take 9 damage, and have 27/72 hp.
You now have 8/11 mp.
Press: ? - help, Shift-Dir - straight line, f/p - orc warrior
Aim: an orc warrior, wielding a +0 short sword and wearing a +0 plate armour (moderately wounded, very poisoned)
You draw life force from the orc warrior!
You feel life coursing into your body. The orc warrior barely misses you.
The wight closely misses you.
You regained 5 hp, and now have 32/72 hp.
You now have 5/11 mp.
Press: ? - help, Shift-Dir - straight line, f/p - orc warrior
Aim: an orc warrior, wielding a +0 short sword and wearing a +0 plate armour (severely wounded, very poisoned)
You draw life force from the orc warrior!
You kill the orc warrior!
Kikubaaqudgha accepts your kill.
You feel life coursing into your body. The wight barely misses you.
You regained 4 hp, and now have 36/72 hp.
You now have 2/11 mp.
Press: ? - help, Shift-Dir - straight line, f - wight
Aim: a wight, wielding a +0 flail and wearing a +0 robe (76% to hit)
The puff of flame hits the wight.
The wight misses you.
Press: ? - help, Shift-Dir - straight line, f/p - wight
Aim: a wight, wielding a +0 flail and wearing a +0 robe (lightly damaged, 76% to hit)
The puff of flame hits the wight but does no damage.
The wight hits you with a +0 flail!
You feel drained.
You take 11 damage, and have 25/70 hp.
Press: ? - help, Shift-Dir - straight line, f/p - wight
Aim: a wight, wielding a +0 flail and wearing a +0 robe (lightly damaged, 76% to hit)
The puff of flame hits the wight.
The wight barely misses you.
You hit the wight with your +4 trident of draining.
You hit the wight but do no damage. The wight hits you with a +0 flail!
* * * LOW HITPOINT WARNING * * *
You take 13 damage, and have 12/70 hp.
You barely miss the wight with your +2 dagger of venom.
You closely miss the wight with your +4 trident of draining.
The wight hits you with a +0 flail!
* * * LOW HITPOINT WARNING * * *
You take 8 damage, and have 4/70 hp.
Press: ? - help, Shift-Dir - straight line, f/p - wight
Aim: a wight, wielding a +0 flail and wearing a +0 robe (severely damaged, 76% to hit)
The puff of flame hits the wight.
The wight hits you with a +0 flail.
* * * LOW HITPOINT WARNING * * *
You take 2 damage, and have 2/70 hp.
Press: ? - help, Shift-Dir - straight line, f/p - wight
Aim: a wight, wielding a +0 flail and wearing a +0 robe (almost destroyed, 74% to hit)
The bolt of acid misses the wight.
The wight hits you with a +0 flail.
You die...
Kikubaaqudgha rasps: You have failed me!
Welcome... death!

###################
#.@z.........<.....
#).................
#..................
#..................
#....##.......##...
#....##....†..##...
####'###.......##...
#......#.......##...
#......#........#...


You could see a wight.

Vanquished Creatures
  Jeremiah (D:6)
  Duvessa (D:5)
  An orc warrior (D:6)
  A black bear (D:5)
  3 ogres
  A centaur (D:6)
  2 kobold brigands
  3 scorpions
  A wight (D:7)
  Dowan (D:5)
  3 bombardier beetles
  A howler monkey (D:4)
  A jelly (D:5)
  A sleepcap (D:6)
  2 iguanas
  2 orc wizards
  9 adders
  2 ufetubi (D:7)
  A dart slug (D:2)
  3 ribbon worms (D:2)
  4 orcs
  6 endoplasms
  2 giant cockroaches (D:3)
  6 goblins
  9 hobgoblins
  7 jackals
  20 kobolds
  4 quokkas
  14 ball pythons
  6 bats
  3 frilled lizards
  5 rats
126 creatures vanquished.

Vanquished Creatures (collateral kills)
  A quokka (D:4)
1 creature vanquished.

Grand Total: 127 creatures vanquished

Notes
Turn   | Place    | Note
-------+----------+-------------------------------------------
     0 | D:1      | HilariousDeathArtist the Coglin Necromancer began the quest
                  | for the Orb.
     0 | D:1      | Reached XP level 1. HP: 13/13 MP: 3/3
   108 | D:1      | Reached skill level 1 in Fighting
   362 | D:1      | Reached XP level 2. HP: 21/21 MP: 1/4
   734 | D:1      | Reached skill level 2 in Fighting
   872 | D:1      | Found Nieho's Vocational Training.
  1448 | D:2      | Reached XP level 3. HP: 28/28 MP: 2/5
  1498 | D:2      | Reached skill level 3 in Fighting
  1518 | D:2      | Learned a level 3 spell: Vampiric Draining
  1646 | D:2      | Reached XP level 4. HP: 18/35 MP: 6/6
  2169 | D:3      | Found a bloodstained altar of Trog.
  2300 | D:3      | Found a glowing golden altar of the Shining One.
  2334 | D:3      | You fall into a shaft and drop 1 floor!
  2365 | D:4      | Noticed a scorpion
  2371 | D:4      | Killed a scorpion
  2372 | D:4      | Reached skill level 4 in Fighting
  2372 | D:4      | Reached skill level 1 in Evocations
  2372 | D:4      | Reached XP level 5. HP: 28/42 MP: 4/7
  2630 | D:4      | Reached skill level 2 in Evocations
  3189 | D:3      | Reached XP level 6. HP: 49/49 MP: 5/8
  3244 | D:3      | Found an ancient bone altar of Kikubaaqudgha.
  3613 | D:4      | Reached skill level 3 in Evocations
  4179 | D:4      | Reached skill level 5 in Necromancy
  4362 | D:5      | Entered Level 5 of the Dungeon
  4362 | D:5      | Found a staircase to the Ecumenical Temple.
  4371 | Temple   | Found a transporter.
  4371 | Temple   | Found a transporter.
  4371 | Temple   | Found a transporter.
  4371 | Temple   | Found a transporter.
  4371 | Temple   | Entered the Ecumenical Temple
  4443 | D:3      | Became a worshipper of Kikubaaqudgha
  4758 | D:5      | Noticed Duvessa
  4758 | D:5      | Noticed Dowan
  4763 | D:6      | Noticed Jeremiah
  4773 | D:5      | Killed Duvessa
  4774 | D:5      | Reached skill level 5 in Fighting
  4774 | D:5      | Reached skill level 4 in Evocations
  4774 | D:5      | Reached XP level 7. HP: 40/56 MP: 9/9
  4777 | D:5      | Killed Dowan
  4859 | D:5      | Found a shadowy altar of Dithmenos.
  4938 | D:5      | Reached skill level 5 in Evocations
  5072 | D:5      | Found an iron altar of Okawaru.
  5447 | D:5      | Reached skill level 6 in Necromancy
  5447 | D:5      | Reached XP level 8. HP: 47/64 MP: 7/10
  5457 | D:5      | Reached skill level 6 in Fighting
  6060 | D:6      | Found Jatsaf's Book Emporium.
  6079 | D:6      | Reached skill level 6 in Evocations
  6387 | D:6      | Reached * piety under Kikubaaqudgha
  6387 | D:6      | Received a gift from Kikubaaqudgha
  6417 | D:6      | HP: 16/64 [Jeremiah/+4 trident of draining (1)]
  6421 | D:6      | Killed Jeremiah
  6422 | D:6      | Reached skill level 7 in Evocations
  6781 | D:6      | Reached skill level 7 in Necromancy
  6879 | D:7      | Reached skill level 7 in Fighting
  7135 | D:7      | Reached XP level 9. HP: 25/72 MP: 7/11
  7292 | D:6      | HP: 12/70 [wight/+0 flail (13)]
  7293 | D:6      | HP: 4/70 [wight/+0 flail (9)]
  7295 | D:6      | Slain by a wight

Illustrated notes

Levels and vault maps discovered:
D:1:      amcnicky_arrival_underground_garden, layout_basic,
          nicolae_shop_vocational
D:2:      minmay_recursive_quarters, layout_basic
D:3:      layout_loops_ring, mainiacjoe_overflow_catwalk,
          kiku_gazebo_pond_becter, lemuel_crystal_altar
D:4:      layout_basic, st_stairs_1, minmay_snake_closets
D:5:      layout_cave_pods, mainiacjoe_overflow_surrounded_room,
          nicolae_dithmenos_the_darkroom, minmay_temple_entry_nine_rooms,
          uniq_duvessa
D:6:      layout_gridville, serial_shops, shop, uniq_jeremiah
D:7:      layout_loops_corners, nemelex_xobeh_ov_fountains_minmay,
          grunt_decor_mini_mirrors, uniq_crazy_yiuf_cottage
Temple:   hellmonk_temple_divided_pantheon

Skill      XL: |  1  2  3  4  5  6  7  8 |
---------------+-------------------------+-----
Fighting       | 1 2 3 4 5 7 |  7.2
Evocations     | 1 2 4 5 7 |  7.8
Necromancy     | 5 6 7 |  7.3
Dodging        | |  1.7
Stealth        | |  1.5
Spellcasting   | |  1.7

Action                     |  1- 3 |  4- 6 |  7- 9 || total
---------------------------+-------+-------+-------++-------
  Melee: Rapier            |    61 |    36 |       ||    97
         Hand axe          |    59 |     6 |       ||    65
         Dagger            |     2 |    55 |    65 ||   122
         Whip              |       |    30 |    48 ||    78
         Trident           |       |       |    20 ||    20
  Throw: Dart              |       |       |     2 ||     2
   Cast: Necrotise         |    39 |    59 |    41 ||   139
         Vampiric Draining |       |       |     4 ||     4
  Evoke: Wand              |       |       |    10 ||    10
    Use: Scroll            |       |     5 |     1 ||     6
         Potion            |       |       |     3 ||     3
   Stab: Distracted        |       |     1 |       ||     1
         Sleeping          |       |     1 |       ||     1
 Armour: Leather armour    |    40 |    44 |    96 ||   180
  Dodge: Dodged            |    43 |    36 |    67 ||   146
         Repelled          |     5 |     3 |     5 ||    13

Table legend: (Time is in decaauts)
 A = Elapsed time spent in this place.
 B = Non-inter-level travel time spent in this place.
 C = Inter-level travel time spent in this place.
 D = Time resting spent in this place.
 E = Time spent auto-exploring this place.
 F = Levels seen in this place.
 G = Mean time per level.
                   A        B        C        D        E       F      G
               +--------+--------+--------+--------+--------+-----+--------+
         Total |   7326 |   6963 |    363 |      0 |   6088 |   8 |  915.8 |
       Dungeon |   7325 |   6963 |    362 |      0 |   6088 |   7 | 1046.4 |
        Temple |      1 |      0 |      1 |      0 |      0 |   1 |    1.0 |
               +--------+--------+--------+--------+--------+-----+--------+

Top non-repeatable levels by time:
     D:4: 1422 daAuts
     D:5: 1398 daAuts
     D:1: 1169 daAuts
     D:6: 1151 daAuts
     D:2: 989 daAuts
     D:3: 925 daAuts
     D:7: 267 daAuts
  Temple: 1 daAuts

Levels and vault maps discovered:
D:1:      amcnicky_arrival_underground_garden, layout_basic,
          nicolae_shop_vocational
D:2:      minmay_recursive_quarters, layout_basic
D:3:      layout_loops_ring, mainiacjoe_overflow_catwalk,
          kiku_gazebo_pond_becter, lemuel_crystal_altar
D:4:      layout_basic, st_stairs_1, minmay_snake_closets
D:5:      layout_cave_pods, mainiacjoe_overflow_surrounded_room,
          nicolae_dithmenos_the_darkroom, minmay_temple_entry_nine_rooms,
          uniq_duvessa
D:6:      layout_gridville, serial_shops, shop, uniq_jeremiah
D:7:      layout_loops_corners, nemelex_xobeh_ov_fountains_minmay,
          grunt_decor_mini_mirrors, uniq_crazy_yiuf_cottage
Temple:   hellmonk_temple_divided_pantheon

Table legend: (Time is in decaauts)
 A = Elapsed time spent in this place.
 B = Non-inter-level travel time spent in this place.
 C = Inter-level travel time spent in this place.
 D = Time resting spent in this place.
 E = Time spent auto-exploring this place.
 F = Levels seen in this place.
 G = Mean time per level.
                   A        B        C        D        E       F      G
               +--------+--------+--------+--------+--------+-----+--------+
         Total |   7326 |   6963 |    363 |      0 |   6088 |   8 |  915.8 |
       Dungeon |   7325 |   6963 |    362 |      0 |   6088 |   7 | 1046.4 |
        Temple |      1 |      0 |      1 |      0 |      0 |   1 |    1.0 |
               +--------+--------+--------+--------+--------+-----+--------+

Top non-repeatable levels by time:
     D:4: 1422 daAuts
     D:5: 1398 daAuts
     D:1: 1169 daAuts
     D:6: 1151 daAuts
     D:2: 989 daAuts
     D:3: 925 daAuts
     D:7: 267 daAuts
  Temple: 1 daAuts

Table legend:
 A = Kills in this place as a percentage of kills in the entire game.
 B = Kills by you in this place as a percentage of kills by you in the entire game.
 C = Kills by friends in this place as a percentage of kills by friends in the entire game.
 D = Other kills in this place as a percentage of other kills in the entire game.
 E = Experience gained in this place as a percentage of experience gained in the entire game.
 F = Experience gained in this place divided by the number of levels of this place that you have seen.
                   A       B       C       D       E      F
               +-------+-------+-------+-------+-------+----------------------
         Total | 100.0 | 100.0 | 100.0 |   N/A | 100.0 | 315.5
       Dungeon | 100.0 | 100.0 | 100.0 |   N/A | 100.0 | 360.6
               +-------+-------+-------+-------+-------+----------------------
